 Dungeon Crawl Stone Soup version 0.31-a0-236-g9a0961fb85 (webtiles) character file.

Game seed: 5795140970594739179

380 cforsyth the Ruffian (level 6, -1/55 HPs)
             Began as an Ogre Transmuter on July 10, 2023.
             Slain by a gnoll
             ... wielding a +0 halberd
             ... led by a gnoll bouda
              (5 damage)
             ... on level 4 of the Dungeon.
             The game lasted 00:03:40 (2860 turns).

cforsyth the Ruffian (Ogre Transmuter)              Turns: 2860, Time: 00:03:41

Health: -1/55      AC:  4    Str: 19    XL:     6   Next: 75%
Magic:  9/9        EV:  9    Int: 15    God:
Gold:   261        SH:  0    Dex:  8    Spells: 3/9 levels left

rFire   . .          .
                       - Unarmed
rCold   . . .        (no shield)
rNeg    . . .        a - +0 robe
rPois   +            k - +1 hat {SInv}
rElec   .            (no cloak)
rCorr   .            (gloves unavailable)
SInv    +            (boots unavailable)
Will    .....        (no amulet)
Stlth   +            (no ring)
HPRegen 0.29/turn    (no ring)
MPRegen 0.11/turn

%: no passive effects
@: lethally poisoned (-1 -> -3), very slightly contaminated
A: large, unfitting armour, tough skin 1, poison resistance, strong 1,
MP-powered wands
a: no special abilities


You were on level 4 of the Dungeon.
You visited 1 branch of the dungeon, and saw 4 of its levels.

You collected 261 gold pieces.

Inventory:

Armour
 a - a +0 robe (worn)
 k - a +1 hat of see invisible (worn)
Scrolls
 c - a scroll of silence {unknown}
 d - 2 scrolls of fog {unknown}
 h - a scroll of poison {unknown}
 i - a scroll of enchant armour {unknown}
 j - 2 scrolls of identify {unknown}
 l - a scroll of blinking {unknown}
Potions
 b - 2 potions of lignification
 e - a potion of magic
 f - a potion of mutation
 g - a potion of ambrosia {unknown}
 m - a potion of attraction {unknown}
 n - a potion of heal wounds {unknown}


   Skills:
 - Level 1.3 Fighting
 - Level 1.7 Dodging
 + Level 6.7 Unarmed Combat
 - Level 2.4 Spellcasting
 - Level 1.7 Transmutations


You had 3 spell levels left.
You knew the following spells:

 Your Spells              Type           Power      Damage    Failure   Level
a - Beastly Appendage     Tmut           14%        N/A       11%         1
b - Wereblood             Tmut           7%         N/A       16%         2
c - Spider Form           Tmut/Pois      4%         N/A       41%         3

Your spell library contained the following spells:

 Spells                   Type           Power      Damage    Failure   Level
 Sandblast                Erth           2%         2d4       22%         1
 Passwall                 Tmut/Erth      3%         N/A       22%         2
 Stone Arrow              Conj/Erth      2%         3d7       54%         3
 Ice Form                 Ice/Tmut       4%         N/A       83%         4


Dungeon Overview and Level Annotations

Branches:
Dungeon (4/15)
 Temple: D:4-7

Altars:

Shops:
D:1 =   D:3 ![*(?


Innate Abilities, Weirdness & Mutations

You are too large for most types of armour.
You have tough skin. (AC +1)
Your system is resistant to poisons. (rPois)
Your muscles are strong. (Str +4, Int/Dex -1)
You expend magic power (3 MP) to strengthen your wands.


Message History

The gnoll shouts!
You hear a shout!
The hound bites you.
The gnoll hits you from afar with a +0 spear.
A gnoll comes into view. It is wielding a +0 halberd.
The hound barely misses you.
You are too injured to fight recklessly!
You are too injured to fight recklessly!
You are too injured to fight recklessly!
You are too injured to fight recklessly!
You are too injured to fight recklessly!
You are too injured to fight recklessly!
You are too injured to fight recklessly!
You are too injured to fight recklessly!
You are too injured to fight recklessly!
The hound bites you but does no damage.
Casting: Beastly Appendage (safe; 10% risk of failure)
Confirm with . or Enter, or press ? or * to list all spells.
You miscast Spider Form.
You are very lightly contaminated with residual magic.
You feel incredibly sick!
You are poisoned.
* * * LOW HITPOINT WARNING * * *
You feel sick. The hound barely misses you.
The gnoll hits you from afar with a +0 spear!
* * * LOW HITPOINT WARNING * * *
A gnoll comes into view. It is wielding a +0 whip.
The hound attacks as you move away! The hound barely misses you.
You feel sick. The hound bites you but does no damage.
You see here a giant cockroach corpse.
It was a potion of mutation.
You feel extremely strange.
You feel stronger.
You feel resistant to poisons.
You feel your magical essence link to the dungeon's wands.
Your horns disappear.
Your talons disappear.
Your +1 hat of see invisible unmelds from your body.
You feel perceptive.
You feel sick. The hound closely misses you.
Unknown command.
It was a potion of magic.
Magic courses through your body.
You feel sick. The hound closely misses you. The gnoll barely misses you.
The gnoll hits you from afar with a +0 halberd.
You die...

#####.....## ..#
##.....#...#
##....#...#
#....'...#
##....#...#
#....##...#
#######....# .#
#....##....#
#..gh@....#
#..g##....#
###'##....#
#..gg.#.....#
...'.....#.....#
#..##g#####...#..
## #. ####### ..
#.


You could see a hound and 2 gnolls.

Vanquished Creatures
  Grinder (D:3)
  A scorpion (D:4)
  A hound (D:4)
  An adder (D:2)
  3 worms
  2 dart slugs
  11 orcs
  3 ball pythons
  3 endoplasms
  6 giant cockroaches
  2 goblins
  6 hobgoblins
  6 jackals
  3 quokkas
  7 bats
  2 frilled lizards
  3 kobolds
  2 rats
63 creatures vanquished.

Notes
Turn   | Place    | Note
-------+----------+-------------------------------------------
     0 | D:1      | cforsyth the Ogre Transmuter began the quest for the Orb.
     0 | D:1      | Reached XP level 1. HP: 19/19 MP: 3/3
   223 | D:1      | Found Kafu's Jewellery Shop.
   234 | D:1      | Reached skill level 3 in Unarmed Combat
   550 | D:1      | Reached XP level 2. HP: 27/27 MP: 3/5
   990 | D:2      | Reached XP level 3. HP: 23/33 MP: 4/6
  1205 | D:2      | Reached skill level 4 in Unarmed Combat
  1625 | D:3      | Found Dyleorgh's Distillery.
  1703 | D:3      | Found a faded altar of an unknown god.
  1730 | D:3      | Found Gegidghuume's Armour Shoppe.
  1799 | D:3      | Reached XP level 4. HP: 35/41 MP: 7/7
  1823 | D:3      | Learned a level 2 spell: Wereblood
  1827 | D:3      | Learned a level 3 spell: Spider Form
  2249 | D:3      | Noticed a phantom
  2250 | D:3      | Noticed a water moccasin
  2320 | D:3      | Found Ijofiplo's Magic Scroll Shoppe.
  2326 | D:3      | Noticed Grinder
  2341 | D:3      | Killed Grinder
  2342 | D:3      | Reached skill level 6 in Unarmed Combat
  2342 | D:3      | Reached XP level 5. HP: 28/48 MP: 5/8
  2342 | D:3      | Reached XP level 6. HP: 32/55 MP: 5/9
  2434 | D:3      | Found Uberghi's Weapon Boutique.
  2442 | D:3      | Found Iwocuece's Assorted Antiques.
  2859 | D:4      | Gained mutation: Your muscles are strong. (Str +4, Int/Dex
                  | -1) [potion of mutation]
  2859 | D:4      | Gained mutation: Your system is resistant to poisons.
                  | (rPois) [potion of mutation]
  2859 | D:4      | Gained mutation: You expend magic power (3 MP) to
                  | strengthen your wands. [potion of mutation]
  2860 | D:4      | Slain by a gnoll

Illustrated notes

Levels and vault maps discovered:
D:1:      dpeg_arrival_tiny_f, layout_loops_cross, serial_shops, shop,
          minmay_strange_pillars, minmay_close_crescents
D:2:      layout_basic, grunt_ministairs_2
D:3:      layout_loops_ring, serial_shops, nicolae_shop_tiny_glass,
          nicolae_square_shop, shop, nicolae_shop_crystal, shop,
          hellmonk_ecumenical_altar_arch_garden, lightli_corner_chamber,
          uniq_grinder
D:4:      layout_gridville, marbit_many_paths, cheibrodos_ashenzari_chains

Skill      XL: |  1  2  3  4 |
---------------+-------------+-----
Unarmed Combat | 3 4 6 |  6.7
Fighting       | |  1.3
Dodging        | |  1.7
Spellcasting   | |  2.4
Transmutations | |  1.7

Action                     |  1- 3 |  4- 6 || total
---------------------------+-------+-------++-------
  Melee: Unarmed           |   107 |    94 ||   201
         Kick              |    25 |    16 ||    41
         Headbutt          |     9 |    10 ||    19
         Punch             |     4 |     4 ||     8
   Cast: Beastly Appendage |    27 |    13 ||    40
         Spider Form       |       |     2 ||     2
    Use: Potion            |       |     2 ||     2
 Armour: Robe              |    26 |    22 ||    48
         Skin              |       |     1 ||     1
  Dodge: Dodged            |    48 |    53 ||   101

Table legend: (Time is in decaauts)
 A = Elapsed time spent in this place.
 B = Non-inter-level travel time spent in this place.
 C = Inter-level travel time spent in this place.
 D = Time resting spent in this place.
 E = Time spent auto-exploring this place.
 F = Levels seen in this place.
 G = Mean time per level.
                   A        B        C        D        E       F      G
               +--------+--------+--------+--------+--------+-----+--------+
         Total |   2842 |   2801 |     41 |     17 |   2346 |   4 |  710.5 |
       Dungeon |   2842 |   2801 |     41 |     17 |   2346 |   4 |  710.5 |
               +--------+--------+--------+--------+--------+-----+--------+

Top non-repeatable levels by time:
     D:3: 984 daAuts
     D:2: 818 daAuts
     D:1: 792 daAuts
     D:4: 247 daAuts
